TOP OF THE 1ST |
Springfield Stars batting - Pitching for St Charles Sheens : RHP Tom Wallace
|
Pitching: RHP Tom Wallace
|
|
Batting: RHB Norberto Taváres
|
0-0: Ball 1-0: Ball 2-0: Ground out 6-3 (Groundball, 6)
|
Batting: LHB Jesús Tobías
|
0-0: Ball 1-0: Foul Ball, location: 2F 1-1: SINGLE (Popup, 23)
|
Batting: LHB Derek Davidson
|
0-0: Called Strike 0-1: Called Strike 0-2: Foul Ball, location: 2F 0-2: Strikes out swinging
|
Batting: LHB Felipe Guerrero
|
0-0: Ball 1-0: Called Strike 1-1: Ball 2-1: Ball 3-1: Called Strike 3-2: Strikes out looking
|
Top of the 1st over - 0 runs, 1 hit, 0 errors, 1 left on base; Springfield 0 - St Charles 0 |
BOTTOM OF THE 1ST |
St Charles Sheens batting - Pitching for Springfield Stars : RHP Claudio Martínez
|
Pitching: RHP Claudio Martínez
|
|
Batting: RHB Víctor Arredondo
|
0-0: Called Strike 0-1: Fly out, F7 (Flyball, 7LMF)
|
Batting: LHB Randy Wiggins
|
0-0: Called Strike 0-1: Foul Ball, location: 2F 0-2: Foul Ball, location: 2F 0-2: Strikes out swinging
|
Batting: RHB Rob Brady
|
0-0: Ball 1-0: Foul Ball, location: 2F 1-1: Ground out 6-3 (Groundball, 6)
|
Bottom of the 1st over - 0 runs, 0 hits, 0 errors, 0 left on base; Springfield 0 - St Charles 0 |
TOP OF THE 2ND |
Springfield Stars batting - Pitching for St Charles Sheens : RHP Tom Wallace
|
Batting: LHB Elliott Newell
|
0-0: Ball 1-0: Ball 2-0: Ground out 5-3 (Groundball, 56S)
|
Batting: RHB Calvin Bennett
|
0-0: Foul Ball, location: 2F 0-1: Ball 1-1: Ball 2-1: Foul Ball, location: 2F 2-2: Ball 3-2: Strikes out swinging
|
Batting: SHB António De La Cruz
|
0-0: Ball 1-0: Called Strike 1-1: Foul Ball, location: 2F 1-2: Ball 2-2: Foul Ball, location: 2F 2-2: Ball 3-2: Fly out, F9 (Line Drive, 9)
|
Top of the 2nd over - 0 runs, 0 hits, 0 errors, 0 left on base; Springfield 0 - St Charles 0 |
BOTTOM OF THE 2ND |
St Charles Sheens batting - Pitching for Springfield Stars : RHP Claudio Martínez
|
Batting: RHB Ramón Molina
|
0-0: Foul Ball, location: 2F 0-1: Foul Ball, location: 2F 0-2: Ball 1-2: Ball 2-2: Foul Ball, location: 2F 2-2: SINGLE (Flyball, 9LS)
|
Batting: LHB Juan Jose Rojas
|
0-0: Called Strike 0-1: Swinging Strike 0-2: Ball 1-2: Ball 2-2: Strikes out swinging
|
Batting: RHB Shawn Gutiérrez
|
0-0: Called Strike 0-1: SINGLE (Groundball, 5D) Ramón Molina to second
|
Batting: RHB Sergio Pujols
|
0-0: Ball 1-0: Called Strike 1-1: Ball 2-1: Foul Ball, location: 2F 2-2: Ball 3-2: Foul Ball, location: 2F 3-2: Foul Ball, location: 2F 3-2: Foul Ball, location: 2F 3-2: Base on Balls Ramón Molina to third Shawn Gutiérrez to second
|
Batting: RHB Jesús Hernández
|
0-0: Foul Ball, location: 2F 0-1: Called Strike 0-2: Strikes out swinging
|
Batting: RHB Glen MacDonald
|
0-0: Ball 1-0: Ball 2-0: Called Strike 2-1: Called Strike 2-2: Ball 3-2: Foul Ball, location: 2F 3-2: Base on Balls Ramón Molina scores Shawn Gutiérrez to third Sergio Pujols to second
|
Batting: RHB Víctor Arredondo
|
0-0: Ball 1-0: Fly out, F8 (Flyball, 8LD)
|
Bottom of the 2nd over - 1 run, 2 hits, 0 errors, 3 left on base; Springfield 0 - St Charles 1 |
TOP OF THE 3RD |
Springfield Stars batting - Pitching for St Charles Sheens : RHP Tom Wallace
|
Batting: RHB Juan Carlos Rodríguez
|
0-0: Ball 1-0: Ball 2-0: Called Strike 2-1: Fly out, F7 (Flyball, 7S)
|
Batting: RHB José López
|
0-0: Ball 1-0: Ball 2-0: Reached on error, E4 (Groundball, 4)
|
Batting: RHB Norberto Taváres
|
0-0: Called Strike José López steals 3rd base 0-1: Called Strike 0-2: Ground out 4-3 (Groundball, 4M) José López scores
|
Batting: LHB Jesús Tobías
|
0-0: Called Strike 0-1: Foul Ball, location: 2F 0-2: Ball 1-2: Ball 2-2: Ball 3-2: Foul Ball, location: 2F 3-2: Base on Balls
|
Batting: LHB Derek Davidson
|
0-0: Fielders Choice at 2nd, 6-4 (Groundball, 6)
|
Top of the 3rd over - 1 run, 0 hits, 1 error, 1 left on base; Springfield 1 - St Charles 1 |
BOTTOM OF THE 3RD |
St Charles Sheens batting - Pitching for Springfield Stars : RHP Claudio Martínez
|
Batting: LHB Randy Wiggins
|
0-0: Ball 1-0: Ball 2-0: Ball 3-0: Base on Balls
|
Batting: RHB Rob Brady
|
0-0: Ball Randy Wiggins is caught stealing 2nd base 1-0: Called Strike 1-1: Swinging Strike 1-2: Ball 2-2: Foul Ball, location: 2F 2-2: Foul Ball, location: 2F 2-2: Strikes out swinging
|
Batting: RHB Ramón Molina
|
0-0: Called Strike 0-1: Called Strike 0-2: Ground out U3 (Groundball, 34)
|
Bottom of the 3rd over - 0 runs, 0 hits, 0 errors, 0 left on base; Springfield 1 - St Charles 1 |
TOP OF THE 4TH |
Springfield Stars batting - Pitching for St Charles Sheens : RHP Tom Wallace
|
Batting: LHB Felipe Guerrero
|
0-0: Ball 1-0: Ball 2-0: Foul Ball, location: 2F 2-1: Called Strike 2-2: Foul Ball, location: 2F 2-2: Foul Ball, location: 2F 2-2: Foul Ball, location: 2F 2-2: Foul Ball, location: 2F 2-2: Foul Ball, location: 2F 2-2: Ground out 4-3 (Groundball, 4)
|
Batting: LHB Elliott Newell
|
0-0: Called Strike 0-1: Called Strike 0-2: Ball 1-2: Foul Ball, location: 2F 1-2: Strikes out looking
|
Batting: RHB Calvin Bennett
|
0-0: Called Strike 0-1: Called Strike 0-2: Ball 1-2: Ball 2-2: Ball 3-2: Base on Balls
|
Batting: SHB António De La Cruz
|
Balk! Calvin Bennett to second 0-0: Ball 1-0: Called Strike 1-1: Called Strike 1-2: Foul Ball, location: 2F 1-2: Ball 2-2: Fly out, F9 (Flyball, 9D)
|
Top of the 4th over - 0 runs, 0 hits, 0 errors, 1 left on base; Springfield 1 - St Charles 1 |
BOTTOM OF THE 4TH |
St Charles Sheens batting - Pitching for Springfield Stars : RHP Claudio Martínez
|
Batting: LHB Juan Jose Rojas
|
0-0: Foul Ball, location: 2F 0-1: Foul Ball, location: 2F 0-2: Ball 1-2: SINGLE (Line Drive, 9LS)
|
Batting: RHB Shawn Gutiérrez
|
0-0: Swinging Strike 0-1: Ball 1-1: Fly out, F8 (Flyball, 8RD)
|
Batting: RHB Sergio Pujols
|
0-0: Ball 1-0: Foul Ball, location: 2F 1-1: Ball 2-1: SINGLE (Groundball, 6D) Juan Jose Rojas to second
|
Batting: RHB Jesús Hernández
|
0-0: Ball 1-0: Fly out, F7 (Flyball, 7)
|
Batting: RHB Glen MacDonald
|
0-0: Ball 1-0: Ground out 4-3 (Groundball, 4S)
|
Bottom of the 4th over - 0 runs, 2 hits, 0 errors, 2 left on base; Springfield 1 - St Charles 1 |
TOP OF THE 5TH |
Springfield Stars batting - Pitching for St Charles Sheens : RHP Tom Wallace
|
Batting: RHB Juan Carlos Rodríguez
|
0-0: Ball 1-0: Foul Ball, location: 2F 1-1: Swinging Strike 1-2: Ball 2-2: Strikes out swinging
|
Batting: RHB José López
|
0-0: Called Strike 0-1: Hit by Pitch
|
Batting: RHB Norberto Taváres
|
0-0: Called Strike 0-1: Ball 1-1: Ball 2-1: Ball 3-1: Called Strike 3-2: Ground out U3 (Groundball, 3L) José López to second
|
Batting: LHB Jesús Tobías
|
0-0: Called Strike 0-1: Fly out, F7 (Flyball, 78S)
|
Top of the 5th over - 0 runs, 0 hits, 0 errors, 1 left on base; Springfield 1 - St Charles 1 |
BOTTOM OF THE 5TH |
St Charles Sheens batting - Pitching for Springfield Stars : RHP Claudio Martínez
|
Batting: RHB Víctor Arredondo
|
0-0: Ball 1-0: Foul Ball, location: 2F 1-1: Fly out, F9 (Flyball, 9S)
|
Batting: LHB Randy Wiggins
|
0-0: Ground out 5-3 (Groundball, 56S)
|
Batting: RHB Rob Brady
|
0-0: Ball 1-0: Ball 2-0: Called Strike 2-1: Ball 3-1: Base on Balls
|
Batting: RHB Ramón Molina
|
0-0: Ball 1-0: Ball 2-0: Foul Ball, location: 2F 2-1: Ball 3-1: Foul Ball, location: 2F 3-2: DOUBLE (Line Drive, 7LM) Rob Brady to third Rob Brady scores
|
Batting: LHB Juan Jose Rojas
|
0-0: Called Strike 0-1: Ground out U3 (Groundball, 3L)
|
Bottom of the 5th over - 1 run, 1 hit, 0 errors, 1 left on base; Springfield 1 - St Charles 2 |
TOP OF THE 6TH |
Springfield Stars batting - Pitching for St Charles Sheens : RHP Tom Wallace
|
Batting: LHB Derek Davidson
|
0-0: Called Strike 0-1: Ball 1-1: Swinging Strike 1-2: Ball 2-2: Strikes out looking
|
Batting: LHB Felipe Guerrero
|
0-0: Ball 1-0: Foul Ball, location: 2F 1-1: Foul Ball, location: 2F 1-2: Ball 2-2: Foul Ball, location: 2F 2-2: Fly out, F9 (Line Drive, 9)
|
Batting: LHB Elliott Newell
|
0-0: Called Strike 0-1: Foul Ball, location: 2F 0-2: Foul Ball, location: 2F 0-2: DOUBLE (Line Drive, 3D)
|
Batting: RHB Calvin Bennett
|
0-0: Ball Wild Pitch! Elliott Newell to third 1-0: Ball 2-0: Ball 3-0: Base on Balls
|
Batting: SHB António De La Cruz
|
0-0: Ball 1-0: Foul Ball, location: 2F 1-1: Ball 2-1: Swinging Strike 2-2: Ball 3-2: SINGLE (Flyball, 89M) Elliott Newell scores Calvin Bennett to second Calvin Bennett to third
|
Pitching: RHP Ricardo Montero
|
|
Batting: RHB Juan Carlos Rodríguez
|
0-0: Ball 1-0: Foul Ball, location: 2F 1-1: Called Strike 1-2: Ball 2-2: Ground out 5-3 (Groundball, 56D)
|
Top of the 6th over - 1 run, 2 hits, 0 errors, 2 left on base; Springfield 2 - St Charles 2 |
BOTTOM OF THE 6TH |
St Charles Sheens batting - Pitching for Springfield Stars : RHP Claudio Martínez
|
Batting: RHB Shawn Gutiérrez
|
0-0: Called Strike 0-1: Called Strike 0-2: Foul Ball, location: 2F 0-2: Ball 1-2: Strikes out looking
|
Batting: RHB Sergio Pujols
|
0-0: Called Strike 0-1: Foul Ball, location: 2F 0-2: Strikes out swinging
|
Batting: RHB Jesús Hernández
|
0-0: Ball 1-0: SINGLE (Line Drive, 6MD)
|
Batting: RHB Glen MacDonald
|
0-0: Ball Jesús Hernández steals 2nd base 1-0: Called Strike 1-1: Foul Ball, location: 2F 1-2: Strikes out swinging
|
Bottom of the 6th over - 0 runs, 1 hit, 0 errors, 1 left on base; Springfield 2 - St Charles 2 |
TOP OF THE 7TH |
Springfield Stars batting - Pitching for St Charles Sheens : RHP Ricardo Montero
|
Batting: RHB José López
|
0-0: Swinging Strike 0-1: Called Strike 0-2: Strikes out looking
|
Batting: RHB Norberto Taváres
|
0-0: Swinging Strike 0-1: Ball 1-1: Foul Ball, location: 2F 1-2: Foul Ball, location: 2F 1-2: Foul Ball, location: 2F 1-2: Fly out, F8 (Flyball, 8LM)
|
Batting: LHB Jesús Tobías
|
0-0: Ball 1-0: Ground out 6-3 (Groundball, 6S)
|
Top of the 7th over - 0 runs, 0 hits, 0 errors, 0 left on base; Springfield 2 - St Charles 2 |
BOTTOM OF THE 7TH |
St Charles Sheens batting - Pitching for Springfield Stars : RHP Claudio Martínez
|
Batting: RHB Víctor Arredondo
|
0-0: Swinging Strike 0-1: Ball 1-1: Swinging Strike 1-2: Foul Ball, location: 2F 1-2: Ball 2-2: Strikes out swinging
|
Pitching: RHP Todd Brewster
|
|
Batting: LHB Randy Wiggins
|
0-0: Hit by Pitch
|
Batting: RHB Rob Brady
|
0-0: Called Strike 0-1: Ball 1-1: Swinging Strike 1-2: Ball 2-2: Foul Ball, location: 2F 2-2: Foul Ball, location: 2F 2-2: Ball Randy Wiggins is caught stealing 2nd base 3-2: Strikes out swinging
|
Bottom of the 7th over - 0 runs, 0 hits, 0 errors, 0 left on base; Springfield 2 - St Charles 2 |
TOP OF THE 8TH |
Springfield Stars batting - Pitching for St Charles Sheens : RHP Ricardo Montero
|
Batting: LHB Derek Davidson
|
0-0: Called Strike 0-1: Swinging Strike 0-2: Ball 1-2: Ball 2-2: Ball 3-2: Base on Balls
|
Batting: LHB Felipe Guerrero
|
0-0: Called Strike 0-1: Ball 1-1: Ball 2-1: Ball 3-1: SINGLE (Flyball, 9LS) Derek Davidson to second Runner from 2nd tries for 3rd, SAFE, no throw
|
Batting: LHB Elliott Newell
|
0-0: Called Strike 0-1: Foul Ball, location: 2F 0-2: SINGLE (Groundball, 34D) Derek Davidson scores Felipe Guerrero to second Runner from 2nd tries for 3rd, SAFE, no throw
|
Batting: RHB Calvin Bennett
|
0-0: Called Strike 0-1: Ball 1-1: Fly out, F9 (Flyball, 89M) Runner from 3rd tags up, SCORES, throw made
|
Batting: SHB António De La Cruz
|
0-0: Ball 1-0: Called Strike 1-1: Fly out, F9 (Flyball, 9LS)
|
Batting: RHB Juan Carlos Rodríguez
|
0-0: Called Strike 0-1: Called Strike 0-2: SINGLE (Line Drive, 7S) Elliott Newell to second
|
Batting: RHB José López
|
0-0: Swinging Strike 0-1: Ball Wild Pitch! Elliott Newell to third Juan Carlos Rodríguez to second 1-1: Ball 2-1: SINGLE (Groundball, 34S) (infield hit) Elliott Newell scores Juan Carlos Rodríguez to third
|
Pitching: RHP Von Hicks
|
|
Batting: RHB Norberto Taváres
|
0-0: Ball 1-0: Ball 2-0: Ball 3-0: Base on Balls José López to second
|
Batting: LHB Jesús Tobías
|
0-0: SINGLE (Flyball, 89S) Juan Carlos Rodríguez scores José López to third Norberto Taváres to second Runner from 3rd tries for Home, SAFE, throw made home
|
Batting: LHB Derek Davidson
|
0-0: Ball Wild Pitch! Norberto Taváres to third Jesús Tobías to second 1-0: Called Strike 1-1: SINGLE (Flyball, 9LS) Norberto Taváres scores Jesús Tobías to third Runner from 3rd tries for Home, SAFE, no throw
|
Batting: LHB Felipe Guerrero
|
0-0: Foul Ball, location: 2F Balk! Derek Davidson to second 0-1: Ball 1-1: Ball 2-1: Ball 3-1: Called Strike 3-2: Foul Ball, location: 2F 3-2: Base on Balls
|
Batting: LHB Elliott Newell
|
0-0: Ball 1-0: Ball 2-0: Called Strike 2-1: Fly out, F7 (Flyball, 7D)
|
Top of the 8th over - 7 runs, 6 hits, 0 errors, 2 left on base; Springfield 9 - St Charles 2 |
BOTTOM OF THE 8TH |
St Charles Sheens batting - Pitching for Springfield Stars : RHP Todd Brewster
|
Batting: RHB Ramón Molina
|
0-0: Foul Ball, location: 2F 0-1: Foul Ball, location: 2F 0-2: Ball 1-2: Ground out 5-3 (Groundball, 56)
|
Batting: LHB Juan Jose Rojas
|
0-0: Ball 1-0: Ball 2-0: Called Strike 2-1: Ground out 6-3 (Groundball, 6M)
|
Batting: RHB Shawn Gutiérrez
|
0-0: Fly out, F6 (Popup, 6MS)
|
Bottom of the 8th over - 0 runs, 0 hits, 0 errors, 0 left on base; Springfield 9 - St Charles 2 |
TOP OF THE 9TH |
Springfield Stars batting - Pitching for St Charles Sheens : RHP Von Hicks
|
Batting: RHB Calvin Bennett
|
0-0: Ball 1-0: Called Strike 1-1: Foul Ball, location: 2F 1-2: Foul Ball, location: 2F 1-2: Foul Ball, location: 2F 1-2: Ball 2-2: DOUBLE (Line Drive, 8LD)
|
Batting: SHB António De La Cruz
|
0-0: Foul Ball, location: 2F 0-1: Ball 1-1: Foul Ball, location: 2F 1-2: Ball 2-2: Ball 3-2: Fly out, F9 (Flyball, 9D) Runner from 2nd tags up, SAFE at 3rd, no throw
|
Batting: RHB Juan Carlos Rodríguez
|
0-0: Ball 1-0: Called Strike 1-1: Ball 2-1: Ground out 6-3 (Groundball, 6) Calvin Bennett scores
|
Batting: RHB José López
|
0-0: Fly out, F9 (Line Drive, 9D)
|
Top of the 9th over - 1 run, 1 hit, 0 errors, 0 left on base; Springfield 10 - St Charles 2 |
BOTTOM OF THE 9TH |
St Charles Sheens batting - Pitching for Springfield Stars : RHP Todd Brewster
|
Now in LF: Gabriel Erwin
|
|
Batting: RHB Sergio Pujols
|
0-0: Ball 1-0: Foul Ball, location: 2F 1-1: Ball 2-1: Reached on error, E3 (Groundball, 34)
|
Batting: RHB Jesús Hernández
|
0-0: Fielders Choice at 2nd, 6-4 (Groundball, 6)
|
Batting: RHB Glen MacDonald
|
0-0: Called Strike 0-1: Foul Ball, location: 2F 0-2: Foul Ball, location: 2F 0-2: Ball 1-2: SINGLE (Groundball, 34D) Jesús Hernández to second
|
Batting: RHB Víctor Arredondo
|
0-0: Ball 1-0: Called Strike 1-1: Ground out 5-3 (Groundball, 5S) Jesús Hernández to third Glen MacDonald to second
|
Batting: LHB Randy Wiggins
|
0-0: Ball 1-0: Foul Ball, location: 2F 1-1: SINGLE (Line Drive, 9S) Jesús Hernández scores Glen MacDonald to third
|
Batting: RHB Rob Brady
|
0-0: Foul Ball, location: 2F 0-1: Fielders Choice at 2nd, 6-4 (Groundball, 6)
|
Bottom of the 9th over - 1 run, 2 hits, 1 error, 2 left on base; Springfield 10 - St Charles 3 |
|